 Dungeon Crawl Stone Soup version 0.28.0 (webtiles) character file.

Game seed: 14637931815069347351

40929 tilp the Frost Mage (level 13, -6/58 HPs)
             Began as a Felid Ice Elementalist on Feb 14, 2022.
             Was a High Priest of Vehumet.
             Killed from afar by Jorgrun (64 damage)
             ... with an iron shot
             ... on level 14 of the Dungeon on Feb 15, 2022.
             The game lasted 01:13:18 (39599 turns).

tilp the Frost Mage (Felid Ice Elementalist)       Turns: 39599, Time: 01:13:18

Health: -6/58      AC:  3    Str:  4    XL:     13   Next: 77%
Magic:  36/36      EV: 23    Int: 21    God:    Vehumet [*****.]
Gold:   2058       SH:  5    Dex: 17    Spells: 3/30 levels left
                                        Lives:  0   Deaths: 4

rFire   + . .      SeeInvis +     - Unarmed
rCold   + + .      Faith    .   (shield unavailable)
rNeg    . . .      Spirit   .   (armour unavailable)
rPois   +          Reflect  +   (helmet unavailable)
rElec   +          Harm     .   (cloak unavailable)
rCorr   +          Rampage  .   (gloves unavailable)
Will    +....                   (boots unavailable)
Stlth   +++++.....              l - amulet of reflection
HPRegen 0.19/turn               y - ring of magical power
MPRegen 0.25/turn               v - ring of wizardry

@: resistant, quick
A: very small, claws 1, fangs 3, see invisible, speed 1, shaggy fur 3, stealthy
paws, no weapons or thrown items, no armour, multi-lived
a: Renounce Religion


You were on level 14 of the Dungeon.
You worshipped Vehumet.
Vehumet was extremely pleased with you.
You visited 4 branches of the dungeon, and saw 23 of its levels.
You also visited: Gauntlet.

You collected 2058 gold pieces.

Inventory:

Jewellery
 a - a ring of fire
 h - the amulet "Sidox" {RegenMP *Corrode rF+++ Int-5 SInv}
   (You took it off a minotaur in a Gauntlet)

   [amulet of magic regeneration]

   It increases your rate of magic regeneration.
   Int:       It affects your intelligence (-5).
   rF:        It renders you almost immune to fire.
   SInv:      It lets you see invisible.
   *Corrode:  It may corrode you when you take damage.
 l - an amulet of reflection (around neck)
 q - a +6 ring of strength
 s - a +4 ring of evasion
 v - a ring of wizardry (right paw)
 x - the ring of Site {rF++ rN+ Str+6 Int-4 SInv}
   (You found it in a Gauntlet)

   [ring of strength]

   Str:       It affects your strength (+6).
   Int:       It affects your intelligence (-4).
   rF:        It greatly protects you from fire.
   rN:        It protects you from negative energy.
   SInv:      It lets you see invisible.
 y - a ring of magical power (left paw)
 B - an amulet of the acrobat
 F - a ring of wizardry
Wands
 g - a wand of charming (8)
 j - a wand of iceblast (15)
 k - a wand of digging (15)
 m - a wand of acid (3)
 t - a wand of flame (15)
 z - a wand of mindburst (18)
 G - a wand of paralysis (5)
 J - a wand of polymorph (5)
Scrolls
 c - 5 scrolls of magic mapping
 f - 5 scrolls of teleportation
 r - 4 scrolls of blinking
 u - 2 scrolls of amnesia
 H - a scroll of fear
 K - 2 scrolls of immolation
 M - a scroll of summoning
Potions
 b - 5 potions of brilliance
 d - 5 potions of might
 e - a potion of magic
 i - 3 potions of cancellation
 n - 3 potions of flight
 o - 4 potions of attraction
 p - 6 potions of ambrosia
 w - 3 potions of lignification
 A - a potion of resistance
 C - a potion of berserk rage
 L - 2 potions of curing
 N - a potion of mutation
Miscellaneous
 D - a lightning rod (4/4)
 E - a phial of floods


   Skills:
 - Level 8.0 Fighting
 - Level 10.0 Dodging
 - Level 10.0 Stealth
 - Level 8.0 Unarmed Combat
 - Level 9.0 Spellcasting
 - Level 12.0 Conjurations
 - Level 4.0 Translocations
 * Level 14.1 Ice Magic
 - Level 4.0 Air Magic
 - Level 6.0 Evocations


You had 3 spell levels left.
You knew the following spells:

 Your Spells              Type           Power      Damage    Failure   Level
a - Freeze                Ice            100%       1d11      0%          1
b - Frozen Ramparts       Ice            100%       1d12      1%          3
c - Ozocubu's Armour      Ice            62%        N/A       1%          3
d - Hailstorm             Conj/Ice       59%        3d13      1%          4
e - Iskenderun's Mystic   Conj/Tloc      43%        2d10      1%          4
f - Freezing Cloud        Conj/Ice/Air   25%        6-21      1%          5
g - Ozocubu's Refrigerat  Ice            31%        4d11      2%          7

Your spell library contained the following spells:

 Spells                   Type           Power      Damage    Failure   Level
 Lightning Bolt           Conj/Air       21%        1d36      1%          5
 Foxfire                  Conj/Fire      100%       2x1d9     1%          1
 Magic Dart               Conj           100%       1d8       1%          1
 Corpse Rot               Necr/Air       34%        N/A       1%          2
 Poisonous Vapours        Pois/Air       34%        N/A       1%          2
 Scorch                   Fire           18%        2d6       1%          2
 Static Discharge         Conj/Air       43%        N/A       1%          2
 Dazzling Flash           Conj/Hex       68%        N/A       1%          3
 Beastly Appendage        Tmut           18%        N/A       2%          1
 Sting                    Tmut/Pois      36%        1d4       2%          1
 Wereblood                Tmut           9%         N/A       4%          2
 Spider Form              Tmut/Pois      9%         N/A       9%          3
 Summon Guardian Golem    Hex/Summ       9%         N/A       9%          3
 Flame Wave               Conj/Fire      34%        2d8       1%          4
 Ice Form                 Ice/Tmut       39%        N/A       1%          4
 Sticky Flame             Conj/Fire      34%        2d5       1%          4
 Summon Ice Beast         Ice/Summ       39%        N/A       1%          4
 Metabolic Englaciation   Hex/Ice        19%        N/A       4%          5
 Conjure Ball Lightning   Conj/Air       21%        3x3d6     4%          6
 Olgreb's Toxic Radiance  Pois           9%         N/A       8%          4
 Starburst                Conj/Fire      17%        6d6       11%         6
 Simulacrum               Ice/Necr       19%        N/A       24%         6
 Dispel Undead            Necr           9%         3d8       26%         4
 Blade Hands              Tmut           4%         N/A       58%         5
 Summon Cactus Giant      Summ           4%         N/A       98%         6
 Discord                  Hex            4%         N/A       100%        8
 Disjunction              Tloc           13%        N/A       100%        8
 Portal Projectile        Hex/Tloc       Unusable   N/A       N/A         3
 Excruciating Wounds      Necr           Unusable   N/A       N/A         5

Dungeon Overview and Level Annotations

Branches:
Dungeon (14/15)            Temple (1/1) D:7            Lair (6/6) D:8
  Swamp (0/4) Lair:4        Snake (0/4) Lair:2        Slime (0/5) Lair:5
    Orc (2/2) D:12            Elf (0/3) Orc:2        Vaults (0/5) D:13
Gauntlet (visited)

Altars:
Ashenzari
Cheibriados
Dithmenos
Elyvilon
Fedhas
Gozag
Hepliaklqana
Kikubaaqudgha
Makhleb
Nemelex Xobeh
Okawaru
Qazlal
Ru
Sif Muna
Trog
Uskayaw
Vehumet
Wu Jian
Xom
Yredelemnul
Zin
The Shining One
Jiyva

Shops:
D:1 [   D:4 [(   D:8 [   D:11 [   D:12 [*

Annotations:
D:13 Frances
D:14 exclusion: door, Jorgrun
Lair:2 exclusion: boulder beetle, Erica
Lair:5 3 runed translucent doors, exclusion: oklob plant, Caath's ghost, journeyman DrFi
Orc:2 unfinished, Saint Roka


Innate Abilities, Weirdness & Mutations

You have sharp claws.
You have razor-sharp teeth.
You have supernaturally acute eyesight. (SInv)
You cover ground quickly. (Speed+)
Your thick and shaggy fur keeps you warm. (AC +3, rC+)
Your paws help you pounce on unaware monsters.
You are incapable of wielding weapons or throwing items.
You cannot wear armour.
You gain extra lives every three experience levels.


Message History

Casting: Ozocubu's Refrigeration (quite dangerous; 2% risk of failure)
Confirm with . or Enter, or press ? or * to list all spells.
Aiming: Freezing Cloud (dangerous; 1% risk of failure)
Press: ? - help, Dir - move target Jorgrun is engulfed in freezing vapours.
Jorgrun gestures at you while chanting.
Roots burst forth from the earth!
The grasping roots grab you! The grasping roots constrict you!
You have turned to stone.
Jorgrun is engulfed in freezing vapours.
The grasping roots constrict you!
Your surroundings seem slightly different.
Jorgrun is engulfed in freezing vapours.
The grasping roots constrict you!
Jorgrun is engulfed in freezing vapours.
Jorgrun points at you and mumbles some strange words.
You easily resist.
The grasping roots constrict you!!
Jorgrun is engulfed in freezing vapours.
The grasping roots constrict you!
Jorgrun hits you with a +0 vorpal quarterstaff!
The grasping roots constrict you!
* * * LOW HITPOINT WARNING * * *
Jorgrun hits you with a +0 vorpal quarterstaff!
* * * LOW HITPOINT WARNING * * *
x2 The grasping roots constrict you!
* * * LOW HITPOINT WARNING * * *
Jorgrun hits you with a +0 vorpal quarterstaff!!
You die...
The grasping roots constrict you!
You are now level 13!
You rejoin the land of the living...
Something loses its grip on you.
You feel protected.
You hear a grinding noise.
Jorgrun points at the rock wall and mumbles some strange words.
You hear a grinding noise.
Jorgrun casts a spell at you. The iron shot hits you!!!
Ouch! That really hurt!
You die...

#### ###### ############ ### ...#
#....# #..........# #.. ...#
#....# #..........# #.. ...#
#....# #..........# #..
...###....# #..........# #..
..........# #..........# #..
..........# #..........# #..
..........# #..........# #..
..........# #.@#..##...# #..
....##....#####....###...# #..
....##.........†g.####...# #..
....##...................# #..
.....g.g......<..........# #..
.........###.............# #..
.........# ##............# #..
.........#####...#####...######..
....##....^......# #...........


You could see Jorgrun.

Vanquished Creatures
  Rupert (D:13)
  Nessos (D:13)
  A minotaur (Gauntlet)
  Snorg (D:13)
  Josephine (Lair:6)
  6 hydras
  A boulder beetle (D:13)
  2 centaur warriors
  A tengu warrior (D:14)
  2 two-headed ogres
  Urug (D:13)
  4 skeletal warriors
  A goliath frog (Lair:6)
  A death drake (Gauntlet)
  2 wizards
  A deep elf pyromancer (D:14)
  15 ugly things
  An orc knight (Orc:2)
  A cyclops (D:11)
  An oklob plant (Lair:4)
  A wolf spider (D:13)
  An orc sorcerer (Orc:2)
  A spectral centaur (Gauntlet)
  7 elephants
  7 black mambas
  An unseen horror (D:12)
  19 cane toads
  2 rime drakes
  2 tengu conjurers (D:14)
  9 komodo dragons
  An efreet (D:14)
  5 trolls
  A polar bear (Lair:1)
  A queen bee (Lair:3)
  9 slime creatures
  3 tyrant leeches (Lair:6)
  A hornet (D:9)
  39 blink frogs
  Grinder (D:6)
  A centaur simulacrum (D:14)
  A vampire (D:12)
  2 shadows
  38 yaks
  Sigmund (D:6)
  7 wraiths
  15 humans (D:13)
  7 wyverns
  6 basilisks
  15 vampire mosquitoes
  3 steam dragons
  2 wargs (Orc:2)
  Edmund (D:4)
  An acid dragon (shapeshifter) (D:13)
  4 acid dragons
  24 water moccasins
  11 orc warriors
  A sky beast (D:8)
  3 black bears
  A necrophage (D:7)
  3 ogres (Orc:2)
  12 wolves
  14 centaurs
  A phantom (D:5)
  2 kobold brigands (D:9)
  19 bullfrogs
  4 gnoll sergeants
  4 scorpions
  31 killer bees
  A water moccasin skeleton (D:6)
  2 wights
  4 electric eels
  2 howler monkeys
  5 centaur zombies
  5 hounds
  2 bullfrog zombies
  A centaur skeleton (D:7)
  7 jellies
  6 orc priests
  Crazy Yiuf (D:6)
  Terence (D:2)
  Jessica (D:2)
  Natasha (thrice) (D:4)
  A bullfrog skeleton (D:6)
  2 gnoll shamans
  3 iguanas
  14 orc wizards
  A hound zombie (D:4)
  Robin (D:2)
  26 gnolls
  A howler monkey skeleton (D:6)
  2 howler monkey zombies
  5 adders
  An adder skeleton (D:4)
  A worm (D:2)
  2 dart slugs
  52 orcs
  18 endoplasms
  4 giant cockroaches
  12 goblins
  6 hobgoblins
  3 jackals
  7 quokkas
  8 ball pythons
  8 bats
  4 frilled lizards
  14 kobolds
  8 rats
  A rat zombie (D:6)
636 creatures vanquished.

Vanquished Creatures (collateral kills)
  A wight (D:6)
1 creature vanquished.

Vanquished Creatures (others)
  A wight (D:6)
  A bush (D:14)
  135 fungi
  216 plants
  3 withered plants (Gauntlet)
356 creatures vanquished.

Grand Total: 993 creatures vanquished

Notes
Turn   | Place    | Note
-------+----------+-------------------------------------------
     0 | D:1      | tilp the Felid Ice Elementalist began the quest for the
                  | Orb.
     0 | D:1      | Reached XP level 1. HP: 7/7 MP: 4/4
   659 | D:1      | Found a faded altar of an unknown god.
   679 | D:1      | Reached XP level 2. HP: 11/11 MP: 3/6
   931 | D:1      | Found Nuskymomn's Armour Shop.
   944 | D:1      | Reached skill level 4 in Ice Magic
  1892 | D:2      | Reached XP level 3. HP: 14/14 MP: 4/7
  1896 | D:2      | Learned a level 3 spell: Frozen Ramparts
  2048 | D:2      | Noticed Robin
  2059 | D:2      | Killed Robin
  2624 | D:2      | Learned a level 3 spell: Ozocubu's Armour
  2691 | D:2      | Noticed Terence
  2703 | D:2      | Reached XP level 4. HP: 18/18 MP: 3/9
  2790 | D:2      | Noticed Jessica
  2803 | D:2      | Killed Jessica
  3351 | D:3      | Reached skill level 5 in Ice Magic
  3360 | D:3      | Reached XP level 5. HP: 21/21 MP: 2/10
  4009 | D:4      | Noticed Edmund
  4017 | D:4      | Killed Edmund
  4018 | D:4      | Reached skill level 6 in Ice Magic
  4237 | D:2      | Killed Terence
  4238 | D:2      | Reached skill level 1 in Fighting
  4238 | D:2      | Reached skill level 1 in Unarmed Combat
  4238 | D:2      | Gained mutation: You are covered in thick fur. (AC +2)
                  | [Felid growth]
  4238 | D:2      | Reached XP level 6. HP: 22/25 MP: 0/11
  4535 | D:4      | Noticed Natasha
  4544 | D:4      | Killed Natasha
  4576 | D:4      | Noticed Natasha
  4578 | D:4      | Killed from afar by Natasha
  4579 | D:4      | Reached XP level 5. HP: -4/22 MP: 5/10
  4584 | D:4      | Killed Natasha
  4741 | D:4      | Reached XP level 6. HP: 26/26 MP: 1/11
  4927 | D:4      | Found Feqic's Antique Armour Emporium.
  4927 | D:4      | Found Plog's Antique Weapon Shop.
  5131 | D:4      | Noticed Natasha
  5391 | D:4      | Killed Natasha
  5860 | D:5      | Entered Level 5 of the Dungeon
  5938 | D:5      | Reached XP level 7. HP: 26/31 MP: 6/12
  6155 | D:5      | Reached skill level 1 in Evocations
  7367 | D:6      | Noticed a steam dragon
  7377 | D:5      | Killed a steam dragon
  7378 | D:5      | Reached skill level 5 in Stealth
  7572 | D:6      | Reached XP level 8. HP: 29/36 MP: 11/13
  7707 | D:5      | Learned a level 4 spell: Hailstorm
  7870 | D:6      | Noticed Sigmund
  8398 | D:6      | Killed Sigmund
  8399 | D:6      | Reached skill level 5 in Fighting
  8488 | D:6      | Found a runed translucent door.
  8489 | D:6      | Noticed Crazy Yiuf
  8491 | D:6      | Noticed Grinder
  8881 | D:6      | Reached skill level 1 in Conjurations
  9979 | D:6      | Found an ancient bone altar of Kikubaaqudgha.
 10209 | D:6      | Found a blossoming altar of Fedhas.
 10223 | D:6      | Found a burning altar of Makhleb.
 10231 | D:6      | Found a shadowy altar of Dithmenos.
 10263 | D:6      | Reached skill level 7 in Ice Magic
 10478 | D:6      | Got the Almanac of Attacks and Hexes
 10526 | D:6      | Reached XP level 9. HP: 28/40 MP: 15/15
 10863 | D:6      | Found a hazy altar of Hepliaklqana.
 11294 | D:7      | Found a staircase to the Ecumenical Temple.
 11321 | Temple   | Entered the Ecumenical Temple
 11437 | Temple   | Became a worshipper of Vehumet
 11457 | D:7      | Found a stormy altar of Qazlal.
 11593 | D:7      | Noticed a troll
 11593 | D:7      | Noticed a two-headed ogre
 11600 | D:7      | Killed a troll
 11748 | D:7      | Noticed a troll
 11755 | D:7      | Killed a troll
 11756 | D:7      | Reached skill level 8 in Ice Magic
 12131 | D:7      | Reached skill level 5 in Spellcasting
 12775 | D:8      | Reached skill level 5 in Unarmed Combat
 12921 | D:8      | Reached skill level 5 in Dodging
 12921 | D:8      | Reached XP level 10. HP: 44/44 MP: 16/18
 13460 | D:8      | Found Legroxia's Antique Armour Emporium.
 14347 | D:8      | Found a staircase to the Lair.
 14569 | D:8      | Found a glowing golden altar of the Shining One.
 14569 | D:8      | Found a glowing silver altar of Zin.
 14569 | D:8      | Found a white marble altar of Elyvilon.
 14609 | D:9      | Reached * piety under Vehumet
 14609 | D:9      | Offered knowledge of Shock by Vehumet.
 16503 | D:9      | Reached skill level 5 in Conjurations
 16516 | D:9      | Noticed a red ugly thing
 16522 | D:9      | Slain by a red ugly thing
 16523 | D:9      | Reached XP level 9. HP: -2/41 MP: 3/18
 16557 | D:9      | Noticed a skeletal warrior
 16593 | D:9      | Killed a red ugly thing
 16609 | D:9      | Offered knowledge of Sandblast by Vehumet.
 16802 | D:9      | Reached XP level 10. HP: 45/45 MP: 9/19
 16925 | D:9      | Noticed a wizard
 16933 | D:9      | Killed a wizard
 16934 | D:9      | Reached skill level 9 in Ice Magic
 17096 | D:10     | Entered Level 10 of the Dungeon
 17199 | D:10     | Reached ** piety under Vehumet
 17685 | D:10     | Noticed a two-headed ogre
 17920 | D:11     | Noticed an eight-headed hydra
 18719 | D:11     | Noticed a cyclops
 18732 | D:11     | Killed a cyclops
 19144 | D:8      | Learned a level 4 spell: Iskenderun's Mystic Blast
 19166 | Lair:1   | Entered Level 1 of the Lair of Beasts
 19191 | Lair:1   | Offered knowledge of Ignite Poison by Vehumet.
 19309 | Lair:1   | Noticed an eight-headed hydra
 19324 | Lair:1   | Noticed a seven-headed hydra
 19342 | Lair:1   | Reached skill level 1 in Translocations
 19342 | Lair:1   | Reached XP level 11. HP: 48/48 MP: 3/21
 19342 | Lair:1   | Killed a seven-headed hydra
 19561 | Lair:1   | Reached skill level 10 in Ice Magic
 20655 | Lair:1   | Reached *** piety under Vehumet
 20945 | Lair:2   | Noticed a boulder beetle
 21008 | Lair:2   | Noticed Erica
 21214 | Lair:2   | Found a staircase to the Snake Pit.
 22291 | Lair:3   | Offered knowledge of Airstrike by Vehumet.
 22293 | Lair:3   | Reached skill level 5 in Evocations
 22303 | Lair:3   | Found a gate leading to a gauntlet.
 22329 | Gauntlet | Entered a Gauntlet
 22329 | Gauntlet | Found a transporter.
 22331 | Gauntlet | Noticed a death scarab
 22340 | Gauntlet | Noticed a death scarab
 22410 | Gauntlet | Noticed a death drake
 22411 | Gauntlet | Found a transporter.
 22423 | Gauntlet | Found a transporter.
 22427 | Gauntlet | Found a transporter.
 22439 | Gauntlet | Found a transporter.
 22457 | Gauntlet | Found a transporter.
 22457 | Gauntlet | Noticed a thrashing horror
 22458 | Gauntlet | Noticed a thrashing horror
 22466 | Gauntlet | Noticed a red ugly thing
 22470 | Gauntlet | Found a transporter.
 22470 | Gauntlet | Noticed a great orb of eyes
 22480 | Gauntlet | Noticed a white ugly thing
 22487 | Gauntlet | Found a transporter.
 22491 | Gauntlet | Found a transporter.
 22499 | Gauntlet | Found a transporter.
 22519 | Gauntlet | Found a transporter.
 22529 | Gauntlet | Found a transporter.
 22636 | Gauntlet | Identified the +3 rapier "Ziom" {freeze, rN+ Str+4}
 22652 | Gauntlet | Identified the ring of Site {rF++ rN+ Str+6 Int-4 SInv}
 22662 | Gauntlet | Blown up by a great orb of eyes
 22663 | Gauntlet | Reached XP level 10. HP: -22/46 MP: 21/21
 22669 | Gauntlet | Killed a death drake
 22670 | Gauntlet | Reached XP level 11. HP: 44/49 MP: 18/22
 22823 | Gauntlet | Identified the amulet "Sidox" {RegenMP *Corrode rF+++ Int-5
                  | SInv}
 22823 | Gauntlet | Noticed a minotaur
 22835 | Gauntlet | Killed a minotaur
 23429 | Lair:3   | Reached **** piety under Vehumet
 23434 | Lair:3   | Offered knowledge of Iskenderun's Battlesphere by Vehumet.
 23548 | Lair:3   | Reached skill level 10 in Stealth
 24569 | Lair:4   | Found a staircase to the Swamp.
 24866 | Lair:4   | Reached skill level 10 in Dodging
 24869 | Lair:4   | Gained mutation: Your thick and shaggy fur keeps you warm.
                  | (AC +3, rC+) [Felid growth]
 24869 | Lair:4   | Reached XP level 12. HP: 52/55 MP: 14/23
 25124 | Lair:4   | Found a white marble altar of Elyvilon.
 26509 | Lair:5   | Reached ***** piety under Vehumet
 26515 | Lair:5   | Offered knowledge of Yara's Violent Unravelling by Vehumet.
 26624 | Lair:5   | Found a viscous altar of Jiyva.
 26625 | Lair:5   | Found a staircase to the Slime Pits.
 27187 | Lair:5   | Found a runed translucent gate.
 27188 | Lair:5   | Found a runed translucent gate.
 27198 | Lair:5   | Found a runed translucent gate.
 27198 | Lair:5   | Noticed a 13-headed hydra
 27198 | Lair:5   | Noticed a 12-headed hydra
 27198 | Lair:5   | Noticed Caath's ghost (journeyman DrFi)
 27198 | Lair:5   | Noticed a 12-headed hydra
 27199 | Lair:5   | Found the +8 frozen axe "Frostbite" {freezing cloud, *Noise
                  | Fly rC+}
 28008 | D:6      | Killed Crazy Yiuf
 28010 | D:6      | Killed Grinder
 28112 | D:7      | Killed a two-headed ogre
 28204 | D:7      | Identified the +0 mace "Jinnel" {elec, rPois rCorr}
 28786 | D:10     | Killed a two-headed ogre
 29021 | Lair:6   | Entered Level 6 of the Lair of Beasts
 29078 | Lair:6   | Noticed a five-headed hydra
 29079 | Lair:6   | Killed a five-headed hydra
 29361 | Lair:6   | Reached XP level 13. HP: 12/58 MP: 16/26
 29363 | Lair:6   | Reached skill level 10 in Conjurations
 29586 | Lair:6   | Reached skill level 11 in Ice Magic
 31176 | Lair:6   | Noticed Josephine
 31183 | Lair:6   | Killed Josephine
 32913 | D:11     | Found Dukh's Antique Armour Boutique.
 33046 | D:12     | Found Ihuungetze's Antique Armour Shop.
 33212 | D:12     | Found a staircase to the Orcish Mines.
 33225 | Orc:1    | Entered Level 1 of the Orcish Mines
 33290 | Orc:2    | Entered Level 2 of the Orcish Mines
 33290 | Orc:2    | Found a staircase to the Elven Halls.
 33299 | Orc:2    | Reached skill level 12 in Ice Magic
 33302 | Orc:2    | Offered knowledge of Freezing Cloud by Vehumet.
 33438 | Orc:1    | Learned a level 5 spell: Freezing Cloud
 33890 | Orc:2    | Noticed Saint Roka
 33944 | D:12     | Reached skill level 1 in Air Magic
 33952 | D:12     | Reached XP level 14. HP: 51/63 MP: 14/28
 35139 | D:12     | Found Qixum's Blood Bar.
 35566 | D:13     | Noticed Snorg
 35572 | D:13     | Killed Snorg
 36077 | D:13     | Noticed Urug
 36282 | D:13     | Noticed Nessos
 36282 | D:13     | Noticed Rupert
 36732 | D:13     | Noticed Frances
 37158 | D:13     | Killed Rupert
 37344 | D:13     | Killed Nessos
 37345 | D:13     | Reached skill level 13 in Ice Magic
 37355 | D:13     | Found a gate to the Vaults.
 37644 | D:13     | Killed Urug
 38235 | D:14     | Offered knowledge of Lightning Bolt by Vehumet.
 38329 | D:14     | Learned a level 7 spell: Ozocubu's Refrigeration
 38857 | D:14     | Reached skill level 14 in Ice Magic
 38988 | D:14     | Noticed Jorgrun
 39593 | D:14     | Slain by Jorgrun
 39594 | D:14     | Reached XP level 13. HP: 0/58 MP: 29/36
 39599 | D:14     | Killed from afar by Jorgrun

Illustrated notes

Levels and vault maps discovered:
D:1:      minmay_arrival_solitary_statue, layout_basic, serial_shops,
          nicolae_shop_stone, serial_aquarium, aquarium_bridge_square
          [aquarium_subvault_bridge, aquarium_subvault_balcony,
          aquarium_subvault_wall, aquarium_subvault_bridge],
          aquarium_window_corridor_1, aquarium_window_2, aquarium_view_2c,
          aquarium_view_2a, chequers_ecumenical_altar_island
D:2:      layout_basic, minivault_25, uniq_terence, uniq_jessica, uniq_robin
D:3:      layout_loops_ring
D:4:      minmay_polygon_palace, layout_basic, nicolae_wooded_promenade,
          uniq_edmund, uniq_natasha
D:5:      layout_loops_corners
D:6:      layout_rooms, lemuel_round_altar, minitemple,
          lemuel_zombie_altar_kikubaaqudgha, minivault_14, eino_tiny_chamber,
          uniq_sigmund, uniq_crazy_yiuf_cottage, uniq_grinder
D:7:      statuecave_lemuel, layout_basic, grunt_qazlal_clouds,
          minmay_temple_entry_stoned_glass
D:8:      layout_basic, good_gods_mini_temple, due_lair_maze_entry_diamond,
          serial_shops, nicolae_shop_advertising_works
          [nicolae_subvault_shop_adworks], serial_glass, glass_columns_a,
          glass_columns_a, glass_columns_a, glass_columns_a, glass_columns_a
D:9:      layout_cave_pools, kennysheep_path_1, nrook_pool_corridor,
          hangedman_minor_gate_pass
D:10:     layout_rooms
D:11:     layout_gridville, serial_shops, shop
D:12:     layout_irregular_city, orc_0_dummy, serial_shops,
          nicolae_shop_overgrown_old_shop, guppyfry_shop_blood
D:13:     layout_roguey, david_vaults_3, uniq_snorg, uniq_frances
D:14:     cheibrodos_breeding_chamber, layout_small_grid, kennysheep_boxes,
          uniq_jorgrun
Temple:   nicolae_temple_god_jail
Lair:1:   layout_roguey, grunt_megastairs_1
Lair:2:   layout_cave_pods, dummy_snake_entry, nzn_sisyphean_effort, uniq_erica
Lair:3:   layout_roguey [special_room_bee], gauntlet_entry_generic
Lair:4:   lemuel_slime, layout_big_grid, swamp_mist, basic_altar,
          infiniplex_staircase_pool_2, uniq_urug
Lair:5:   layout_layer_cave, slime_altar_1, gammafunk_ghost_hydra_chop,
          grunt_megastairs_3
Lair:6:   minmay_lair_end_frog_pond, layout_misc_corridors,
          infiniplex_staircase_pool, uniq_josephine
Orc:1:    layout_diamond_mine, gammafunk_ghost_wrathful_warriors
Orc:2:    st_orc_congregation, layout_caves, uniq_saint_roka

Skill      XL: |  1  2  3  4  5  6  7  8  9 10 11 12 13 14 |
---------------+-------------------------------------------+-----
Ice Magic      | 4 5 6 7 8 9 10 12 14 | 14.1
Spellcasting   | 3 5 6 7 8 9 |  9.0
Fighting       | 2 3 4 5 6 8 |  8.0
Stealth        | 3 4 5 6 8 10 | 10.0
Unarmed Combat | 2 3 4 5 6 8 |  8.0
Dodging        | 4 5 6 10 | 10.0
Evocations     | 2 4 6 |  6.0
Conjurations   | 2 4 6 8 9 11 12 | 12.0
Translocations | 1 4 |  4.0
Air Magic      | 1 4 |  4.0

Action                   |  1- 3 |  4- 6 |  7- 9 | 10-12 | 13-15 || total
-------------------------+-------+-------+-------+-------+-------++-------
Melee: Unarmed           |    16 |    47 |   174 |   307 |    75 ||   619
       Punch             |     1 |       |     4 |    11 |     7 ||    23
       Bite              |     1 |     9 |    18 |    34 |     8 ||    70
 Cast: Freeze            |    40 |    39 |    62 |    97 |    11 ||   249
       Frozen Ramparts   |     8 |    22 |    32 |   121 |    47 ||   230
       Ozocubu's Armour  |       |    12 |    41 |    91 |    51 ||   195
       Hailstorm         |       |       |    12 |   108 |   114 ||   234
       Iskenderun's Myst |       |       |       |    38 |    97 ||   135
       Freezing Cloud    |       |       |       |       |    67 ||    67
Evoke: Wand              |       |       |     9 |     6 |     6 ||    21
  Use: Scroll            |     2 |     8 |     3 |    14 |     4 ||    31
       Potion            |       |       |     1 |     7 |     2 ||    10
 Stab: Sleeping          |     5 |     6 |     9 |    21 |     8 ||    49
       Paralysed         |       |       |       |       |     2 ||     2
Armor: Skin              |     2 |    16 |    50 |    88 |    13 ||   169
Dodge: Dodged            |    29 |    63 |   220 |   434 |   125 ||   871
Block: Other             |       |       |       |    25 |    32 ||    57
       Reflection        |       |       |       |       |     6 ||     6
